 Dungeon Crawl Stone Soup version 0.27-a0-3-gcf006a40f5 (webtiles) character file.

Game seed: 12688357660350561906

10 teolandon225 the Sneak (level 2, -2/13 HPs)
             Began as a Spriggan Enchanter on Jan 1, 2021.
             Slain by a kobold
             ... wielding a +0 dagger
              (5 damage)
             ... on level 1 of the Dungeon.
             The game lasted 00:02:05 (539 turns).

teolandon225 the Sneak (Spriggan Enchanter)          Turns: 539, Time: 00:02:05

Health: -2/13      AC:  2    Str:  4    XL:     2   Next: 10%
Magic:  0/6        EV: 18    Int: 16    God:
Gold:   0          SH:  0    Dex: 16    Spells: 3/6 levels left

rFire    . . .     SeeInvis +   a - +1 dagger
rCold    . . .     Faith    .   (shield restricted)
rNeg     . . .     Spirit   .   b - +0 robe
rPois    .         Reflect  .   (helmet restricted)
rElec    .         Harm     .   (no cloak)
rCorr    .         Rampage  .   (gloves unavailable)
Will     .....                  (boots unavailable)
Stlth    +++.......             (no amulet)
HPRegen  0.04/turn              (no ring)
MPRegen  0.10/turn              (no ring)

@: very slightly contaminated, very quick
A: very small, unfitting armour, see invisible, speed 3
a: no special abilities


You were on level 1 of the Dungeon.
You visited 1 branch of the dungeon, and saw 2 of its levels.

Inventory:

Hand Weapons
 a - a +1 dagger (weapon)
Armour
 b - a +0 robe (worn)


   Skills:
 + Level 0.1 Fighting
 * Level 1.4 Short Blades
 + Level 3.1 Dodging
 * Level 4.8 Stealth
 + Level 2.8 Spellcasting
 + Level 3.7 Hexes


You had 3 spell levels left.
You knew the following spells:

 Your Spells              Type           Power        Failure   Level
a - Corona                Hex            15%          4%          1
b - Ensorcelled Hibernat  Hex/Ice        16%          14%         2

Your spell library contained the following spells:

 Spells                   Type           Power        Failure   Level
 Confusing Touch          Hex            14%          12%         3
 Tukima's Dance           Hex            14%          12%         3
 Dazzling Flash           Conj/Hex       16%          26%         3


Dungeon Overview and Level Annotations

Branches:
Dungeon (2/15)

Altars:


Innate Abilities, Weirdness & Mutations

You are very small and have problems with some larger weapons.
You are too small for most types of armour.
You have supernaturally acute eyesight. (SInv)
You cover ground extremely quickly.


Message History

You are very lightly contaminated with residual magic.
Nothing appears to happen.
The jackal barks!
The jackal closely misses you.
The kobold throws a stone.
The stone completely misses you.
The stone hits the jackal but does no damage.
You hit the jackal.
The jackal is heavily wounded.
The jackal bites you.
* * * LOW HITPOINT WARNING * * *
You don't have enough magic to cast that spell.
You don't have enough magic to cast that spell.
You hit the jackal.
The jackal is severely wounded.
The jackal closely misses you. The jackal misses you.
You aren't carrying any scrolls.
You aren't carrying any potions.
You see here a stone.
You barely miss the kobold. The kobold hits you with a +0 dagger.
You die...

#.......# #...
#.####..######..$
##.####...........
#...h.h.#######...
#.####### #... #.#
#. #.# #. #K# ##
#@# #h#
########h########
##
#≈§≈§≈≈≈(≈≈≈≈≈≈§#
#.
#≈§§§≈.....≈≈≈≈§#
#.
#§≈§...≈≈≈..§.≈≈#
#h
#≈...≈≈≈.≈≈≈...≈###
#.
#§§.≈≈..<.≈≈≈.....#
#.
#≈§..≈≈≈.≈≈≈...≈#.#
#>


You could see 2 jackals and a kobold.

Vanquished Creatures
  4 giant cockroaches (D:1)
  4 bats
  A frilled lizard (D:1)
9 creatures vanquished.

Notes
Turn   | Place    | Note
-------+----------+-------------------------------------------
     0 | D:1      | teolandon225 the Spriggan Enchanter began the quest for the
                  | Orb.
     0 | D:1      | Reached XP level 1. HP: 9/9 MP: 5/5
   474 | D:1      | Reached XP level 2. HP: 4/13 MP: 6/6
   485 | D:1      | Learned a level 2 spell: Ensorcelled Hibernation
   539 | D:1      | Slain by a kobold

Illustrated notes

Levels and vault maps discovered:
D:1:      dpeg_arrival_shrine, layout_loops_cross
D:2:      layout_loops_corners, nicolae_qazlal_general_emergency

Action                   || total
-------------------------++-------
Melee: Dagger            ||    45
 Cast: Corona            ||     5
       Ensorcelled Hiber ||     3
 Stab: Sleeping          ||     5
Armor: Robe              ||    20
Dodge: Dodged            ||    77

Table legend: (Time is in decaauts)
 A = Elapsed time spent in this place.
 B = Non-inter-level travel time spent in this place.
 C = Inter-level travel time spent in this place.
 D = Time resting spent in this place.
 E = Time spent auto-exploring this place.
 F = Levels seen in this place.
 G = Mean time per level.
                   A        B        C        D        E       F      G
               +--------+--------+--------+--------+--------+-----+--------+
         Total |    454 |    454 |      0 |    212 |     66 |   2 |  227.0 |
       Dungeon |    454 |    454 |      0 |    212 |     66 |   2 |  227.0 |
               +--------+--------+--------+--------+--------+-----+--------+

Top non-repeatable levels by time:
     D:2: 241 daAuts
     D:1: 213 daAuts
